[Event "*** Titled Tuesday Blitz"]
[Site "Chess.com"]
[Date "2020.12.29"]
[Round "4"]
[White "GoltsevDmitry2000"]
[Black "champ2005"]
[Result "0-1"]
[WhiteElo "2698"]
[BlackElo "3000"]
[TimeControl "180+1"]
[EndTime "10:38:37 PST"]
[Termination "champ2005 won by checkmate"]

1. e4 g6 2. d4 Bg7 3. c3 d6 4.
Bd3 Nf6 5. Ne2 O-O 6. O-O e5 7.
Be3 Nc6 8. f3 d5 9. Nd2 dxe4 10.
Nxe4 Nd5 11. Bf2 exd4 12. cxd4 b6 13. a3 Nce7 14. Rc1 Nf5 15. Qd2 Re8 16. Bb5 Bd7 17. Qd3 Bh6 18. Rb1 c6 19. Bc4 Be6 20. g3 Nd6 21. Nxd6 Qxd6 22. Rfe1 Bf5 23. Qd1 Bxb1 24.
Qxb1 Be3 25. Qa2 Bxf2+ 26. Kxf2 Re7 27. Nc3 Rae8 28. Rxe7 Qxe7 29. Nxd5 cxd5 30. Bxd5 Qe2+ 31. Kg1 Qe1+ 32. Kg2 Re2+ 33. Kh3 Qf1+ 34. Kh4 Rxh2+ 35. Kg5 Kg7 36. Kf4 Qc1+ 37. Ke5 Qc7+ 38. Ke4 Re2+ 39. Kd3 Qc2# 0-1

[Event "*** Titled Tuesday Blitz"]
[Site "Chess.com"]
[Date "2020.12.29"]
[Round "4"]
[White "03revilo"]
[Black "djano"]
[Result "0-1"]
[WhiteElo "2299"]
[BlackElo "2459"]
[TimeControl "180+1"]
[EndTime "10:38:37 PST"]
[Termination "djano won by resignation"]

1. c4 g6 2. Nc3 Bg7 3. Nf3 c5 4. e3 Nc6 5. d4 cxd4 6. exd4 d6 7. d5 Ne5 8. Nxe5 Bxe5 9. Bd3 Nf6 10. Qc2 Bd7 11. Ne2 Ng4 12. h3 Nxf2 13. Kxf2 b5 14. Bf4 bxc4 15. Bxc4 Bg7 16. Nc3 Rc8 17.
b3 Bf5 18. Qd2 O-O 19. Rac1 e6 20. dxe6 fxe6 21. Qxd6 Qa5 22. Rhf1 Bxc3 23. Bxe6+ Bxe6 24. Qxe6+ Kg7 25. Kg1 Bd4+ 26. Kh2 Rxc1 27. Qe7+ Rf7 28. Bh6+ Kxh6 29. Qh4+ Qh5 30. Qxh5+ gxh5 31. Rxf7 Be5+ 32. g3 0-1

[Event "*** Titled Tuesday Blitz"]
[Site "Chess.com"]
[Date "2020.12.29"]
[Round "4"]
[White "Frolyanov_D"]
[Black "AttilaTurzo"]
[Result "0-1"]
[WhiteElo "2645"]
[BlackElo "2497"]
[TimeControl "180+1"]
[EndTime "10:38:38 PST"]
[Termination "AttilaTurzo won by resignation"]

1. d4 d5 2. c4 c6 3. Nf3 Nf6 4. Nc3 a6 5. e3 Bf5 6. Ne5 h6 7. Bd3 Bxd3 8. Qxd3 e6 9. O-O Be7 10. f4 O-O 11. Bd2 c5 12. cxd5 exd5 13. Rf3 Nc6 14.
Raf1 Rc8 15. Kh1 b5 16. Ne2 c4 17. Qc2 Ne4 18. Ng3 f5 19. Nxe4 dxe4 20. Rh3 Nxe5 21. fxe5 Qd5 22. Qd1 Rc6 23. Rh5 g5 24. Rh3 Kg7 25. a3 g4 26. Rg3 h5 27. h3 h4 28.
Rxf5 Rxf5 29. Qxg4+ Rg5 30. Qxh4 Rxg3 31. Qxe7+ Qf7 0-1

[Event "*** Titled Tuesday Blitz"]
[Site "Chess.com"]
[Date "2020.12.29"]
[Round "4"]
[White "esteban062000"]
[Black "Chessbard1972"]
[Result "1/2-1/2"]
[WhiteElo "2203"]
[BlackElo "2312"]
[TimeControl "180+1"]
[EndTime "10:38:38 PST"]
[Termination "Game drawn by repetition"]

1. Nf3 Nf6 2. c4 g6 3. b4 Bg7 4. Bb2 O-O 5. g3 d6 6. Bg2 e5 7. O-O a5 8. b5 Nbd7 9. Nc3 Re8 10. d3 Nc5 11. Na4 Ne6 12. Qc2 Rb8 13. Nc3 c6 14. a4 Nd4 15. Nxd4 exd4 16. Ne4 Nxe4 17. Bxe4 Bh3 18.
Bg2 Bxg2 19. Kxg2 c5 20. Rae1 Qg5 21. Bc1 Qf5 22. Bf4 Rbd8 23. Qd2 b6 24. e4 dxe3 25. Rxe3 Rxe3 26. Qxe3 Qe6 27. Re1 Qxe3 28. Rxe3 Kf8 29. Kf3 h6 30. h4 Rd7 31. Re2 Rd8 32. Re3 Rd7 33. Re2 Rd8 34. Re3 1/2-1/2

[Event "*** Titled Tuesday Blitz"]
[Site "Chess.com"]
[Date "2020.12.29"]
[Round "4"]
[White "ulkaf961"]
[Black "Itk04"]
[Result "1-0"]
[WhiteElo "2292"]
[BlackElo "2477"]
[TimeControl "180+1"]
[EndTime "10:38:40 PST"]
[Termination "ulkaf961 won by checkmate"]

1. d4 Nf6 2. c4 e6 3. Nc3 Bb4 4. e3 O-O 5. Bd3 c5 6. Nf3 d5 7. O-O Nc6 8. a3 Bxc3 9. bxc3 dxc4 10. Bxc4 b6 11. a4 Qc7 12. Qe2 Na5 13. Ba2 Bb7 14. Ne5 Rfd8 15. Bb2 Rac8 16. Rac1 Nd7 17. f4 Be4 18. Nxf7 Kxf7 19. f5 c4 20. fxe6+ Kxe6 21. Qg4+ Kd5 22. Rf5+ Bxf5 23. Qxf5+ Kc6 24. Qe4+ Kd6 25.
Ba3+ Qc5 26. dxc5+ bxc5 27. Rd1+ Kc7 28. Qe7 Nc6 29. Qd6+ Kb7 30. Rb1+ Nb6 31. Qxc5 Rd2 32. Bxc4 Nb8 33. Bd5+ Nc6 34. a5 Rf8 35. Qxc6+ Ka6 36.
Qb7+ Kxa5 37. Qxa7# 1-0

[Event "*** Titled Tuesday Blitz"]
[Site "Chess.com"]
[Date "2020.12.29"]
[Round "4"]
[White "zurzan"]
[Black "VladaSviridova"]
[Result "1-0"]
[WhiteElo "2060"]
[BlackElo "2241"]
[TimeControl "180+1"]
[EndTime "10:38:40 PST"]
[Termination "zurzan won on time"]

1. f4 d5 2. Nf3 Nf6 3. g3 g6 4.
Bg2 Bg7 5. O-O O-O 6. d3 c5 7. c3 Nc6 8. Qc2 b6 9. e4 dxe4 10. dxe4 Ba6 11. Rd1 Qc7 12. e5 Nd7 13.
a3 Rac8 14. c4 Rfd8 15. b3 e6 16. Nc3 Ndb8 17. Be3 Rxd1+ 18. Rxd1 Rd8 19. Ne4 Rxd1+ 20. Qxd1 Qd7 21. Nd6 Bf8 22. Ng5 Nd8 23. Nge4 Be7 24. Qg4 Nb7 25. Nxf7 Kxf7 26. Ng5+ Kg7 27. Nxe6+ Kg8 28.
f5 Nd8 29. Bd5 Kh8 30. f6 Bf8 31. Nxd8 Qxd8 32. e6 Qxf6 33. Bg5 Qa1+ 34. Kg2 Bc8 35. Qf4 Bg7 36. e7 Qb2+ 37. Qf2 1-0

[Event "*** Titled Tuesday Blitz"]
[Site "Chess.com"]
[Date "2020.12.29"]
[Round "4"]
[White "Jospem"]
[Black "vinniethepooh"]
[Result "1-0"]
[WhiteElo "2986"]
[BlackElo "2697"]
[TimeControl "180+1"]
[EndTime "10:38:43 PST"]
[Termination "Jospem won by resignation"]

1. e4 c5 2. Nf3 d6 3. c3 Nf6 4. h3 g6 5. Bd3 Bg7 6. Bc2 e5 7. O-O O-O 8. d4 cxd4 9. cxd4 exd4 10. Nxd4 Nc6 11. Nxc6 bxc6 12. Nc3 d5 13. Bg5 h6 14. Bh4 g5 15. Bg3 Ba6 16. Re1 d4 17. Nb1 d3 18.
Bb3 Qd4 19. Nd2 Nd7 20. Rc1 Nc5 21. Bc4 Rfd8 22. b4 Bxc4 23. Rxc4 Qb2 24. bxc5 Bc3 25. Rxc3 Qxc3 26. e5 Rab8 27. e6 fxe6 28. Bxb8 Rxb8 29. Rxe6 Rb2 30. Qh5 Rb1+ 31. Kh2 Qxd2 32. Qg6+ 1-0

[Event "*** Titled Tuesday Blitz"]
[Site "Chess.com"]
[Date "2020.12.29"]
[Round "4"]
[White "Ze-Pequeno"]
[Black "kleopl"]
[Result "1-0"]
[WhiteElo "2332"]
[BlackElo "2453"]
[TimeControl "180+1"]
[EndTime "10:38:43 PST"]
[Termination "Ze-Pequeno won on time"]

1. e4 c5 2. Nf3 d6 3. d4 Nf6 4.
Nc3 cxd4 5. Nxd4 a6 6. f4 Nc6 7. Nxc6 bxc6 8. e5 Nd7 9. Qe2 e6 10. exd6 Bxd6 11. Ne4 Be7 12. Bd2 O-O 13. O-O-O Rb8 14.
Bc3 Qc7 15. g3 Nf6 16. Nxf6+ Bxf6 17. Bxf6 gxf6 18. Qc4 c5 19. Bg2 Qa5 20. a3 Bb7 21. Rhg1 Qb6 22. Qc3 Kg7 23. g4 Bxg2 24. Rxg2 Rfd8 25.
Rxd8 Qxd8 26. g5 e5 27. gxf6+ Kh8 28. fxe5 Qd5 29. Qg3 1-0

[Event "*** Titled Tuesday Blitz"]
[Site "Chess.com"]
[Date "2020.12.29"]
[Round "4"]
[White "Neftegor"]
[Black "Hikaru"]
[Result "0-1"]
[WhiteElo "2571"]
[BlackElo "3242"]
[TimeControl "180+1"]
[EndTime "10:38:44 PST"]
[Termination "Hikaru won by resignation"]

1. d4 g6 2. e4 Bg7 3. Nf3 c6 4. Bd3 d5 5. e5 Bg4 6. Nbd2 e6 7. h3 Bxf3 8. Nxf3 Nd7 9. O-O c5 10. c3 Ne7 11. g4 Nc6 12. Be3 cxd4 13. cxd4 f6 14.
exf6 Qxf6 15. Bg5 Qf7 16. Be3 O-O 17. Ng5 Qf6 18. Be2 Rae8 19. Nf3 Nb6 20. b3 Nc8 21. Rc1 Nd6 22. Rxc6 bxc6 23. Ne5 Qh4 24. Kg2 c5 25. Nf3 Qe7 26. dxc5 Ne4 27. b4 Nc3 28. Qd3 Nxe2 29. Qxe2 e5 30. Re1 h5 31. Ng5 Bf6 32. h4 hxg4 33.
Qxg4 Bxg5 34. Bxg5 Qf7 35. Qg3 e4 36. Bh6 Qf3+ 37. Qxf3 exf3+ 38. Kf1 Rxe1+ 39. Kxe1 Re8+ 40. Kd1 Kf7 41. b5 Re2 42. a4 Rxf2 43. Bd2 Rh2 44. b6 axb6 45. cxb6 f2 46. Ke2 f1=Q+ 47. Kxf1 Rxd2 48.
a5 Rb2 0-1

[Event "*** Titled Tuesday Blitz"]
[Site "Chess.com"]
[Date "2020.12.29"]
[Round "4"]
[White "nitpicker"]
[Black "The_Machine04"]
[Result "1-0"]
[WhiteElo "2264"]
[BlackElo "2417"]
[TimeControl "180+1"]
[EndTime "10:38:44 PST"]
[Termination "nitpicker won on time"]

1. d4 d6 2. e4 Nf6 3. Nc3 e5 4. Nge2 Nc6 5. h3 h5 6. Bg5 Be7 7. Qd2 a6 8. O-O-O b5 9. f3 Nh7 10. Be3 Bg5 11. f4 Bf6 12. Nd5 exd4 13. Nxd4 Bxd4 14. Bxd4 Nxd4 15. Qxd4 Nf6 16. e5 Nxd5 17. Qxd5 Be6 18. Qc6+ Ke7 19. Bd3 Qd7 20. Qf3 g6 21. exd6+ cxd6 22. Rhe1 Kf6 23. f5 gxf5 24. g4 hxg4 25. hxg4 Rae8 26. Rf1 a5 27. gxf5 Bxa2 28. Qf2 Re5 29. Rh1 Rxh1 30. Rxh1 Ke7 31. f6+ Kd8 32. Qb6+ Qc7 33. Rh8+ Kd7 34. Bxb5+ Rxb5 35. Qxb5+ Qc6 36. Rd8+ Kc7 37. Rc8+ Kxc8 38. Qxc6+ 1-0

[Event "*** Titled Tuesday Blitz"]
[Site "Chess.com"]
[Date "2020.12.29"]
[Round "4"]
[White "supertfc"]
[Black "viktorko131"]
[Result "1-0"]
[WhiteElo "2399"]
[BlackElo "2089"]
[TimeControl "180+1"]
[EndTime "10:38:44 PST"]
[Termination "supertfc won on time"]

1. c4 e5 2. g3 Nf6 3. Bg2 d5 4. cxd5 Nxd5 5. Nf3 Nc6 6. O-O Be7 7. d4 e4 8. Ne5 Bf5 9. Qa4 O-O 10. Nxc6 bxc6 11. Qxc6 Nb4 12. Qa4 Qxd4 13. a3 Bd7 14. Qd1 Qxd1 15.
Rxd1 Ba4 16. Rd4 Nc2 17. Rxa4 Nxa1 18. Bxe4 Rab8 19. Rxa7 Nb3 20. Bf4 Bd6 21. Bxd6 cxd6 22. Bd5 Nd4 23. b4 Nxe2+ 24. Kf1 Nd4 25. Nc3 Nb5 26.
Nxb5 Rxb5 27. Bc6 Rb6 28. b5 Rbb8 29. a4 f6 30. a5 Rfc8 31. Bd5+ Kh8 32. b6 h5 33. b7 Re8 34. Ra8 Kh7 35. a6 1-0

[Event "*** Titled Tuesday Blitz"]
[Site "Chess.com"]
[Date "2020.12.29"]
[Round "4"]
[White "maheswaran26"]
[Black "j2806"]
[Result "1-0"]
[WhiteElo "2252"]
[BlackElo "1995"]
[TimeControl "180+1"]
[EndTime "10:38:44 PST"]
[Termination "maheswaran26 won by resignation"]

1. d4 Nf6 2. Nf3 e6 3. c4 d5 4. g3 Be7 5. Bg2 O-O 6. O-O dxc4 7. Qa4 a6 8. Qxc4 b5 9. Qc2 Bb7 10. Bd2 Nbd7 11. Ba5 Rc8 12. Nbd2 Nb6 13. b4 Nbd5 14.
a3 Qe8 15. Ne5 Bd6 16. Rfc1 Nd7 17. Nc6 Nb8 18. Nxb8 Rxb8 19. Nb3 Nb6 20. Bxb7 Rxb7 21. Qc6 Qxc6 22. Rxc6 Rd8 23. Bxb6 cxb6 24. Rac1 Kf8 25. e3 Ke7 26. Kf1 Rdd7 27. Ke2 Rdc7 28. Kd3 Kd7 29.
Rxc7+ Rxc7 30. Rxc7+ Bxc7 31. e4 Kd6 32. f4 f6 33. Nc1 a5 34. Ne2 Kc6 35. Nc3 Bd6 36.
d5+ exd5 37. Nxd5 f5 38. Kd4 fxe4 39. Kxe4 Bf8 40. g4 g6 41. f5 gxf5+ 42. gxf5 axb4 43.
axb4 Bd6 44. h4 Bf8 45. Ke5 Bd6+ 46. Ke6 Bf8 47. f6 Bd6 48. f7 Bf8 49. h5 Bd6 50. Ne7+ 1-0

[Event "*** Titled Tuesday Blitz"]
[Site "Chess.com"]
[Date "2020.12.29"]
[Round "4"]
[White "Keks2017"]
[Black "Vaathi_Coming"]
[Result "0-1"]
[WhiteElo "2566"]
[BlackElo "2842"]
[TimeControl "180+1"]
[EndTime "10:38:45 PST"]
[Termination "Vaathi_Coming won by resignation"]

1. g3 Nf6 2. Bg2 d5 3. d3 g6 4. Nf3 Bg7 5. O-O O-O 6. Nbd2 a5 7. e4 dxe4 8. dxe4 a4 9. a3 Nc6 10. Re1 Nd7 11. Qe2 b6 12. Rd1 Ba6 13. Qe1 Qc8 14.
Nf1 Rd8 15. Rb1 Nde5 16. Nxe5 Bxe5 17. Ne3 Nd4 18. Nd5 Rd7 19. Bg5 f6 20. Be3 Nxc2 21. Qd2 Nxe3 22. Qxe3 Qd8 23. Rdc1 e6 24. Nb4 Bb7 25. Qe2 c5 26. Nc2 Rd2 27. Qc4 Qd7 28. Qf1 Rd8 29. Ne3 Bd4 30. Qe1 Rxb2 31. Rxb2 Bxb2 32.
Rb1 Bxa3 33. Rxb6 Bb4 34. Qb1 a3 35. Ng4 Qd1+ 36. Qxd1 Rxd1+ 37. Bf1 a2 38. Nxf6+ Kf7 39. Rxb7+ Kxf6 0-1

[Event "*** Titled Tuesday Blitz"]
[Site "Chess.com"]
[Date "2020.12.29"]
[Round "4"]
[White "Fighter008"]
[Black "IMUffeVinther-Schou"]
[Result "0-1"]
[WhiteElo "2595"]
[BlackElo "2400"]
[TimeControl "180+1"]
[EndTime "10:38:45 PST"]
[Termination "IMUffeVinther-Schou won on time"]

1. e4 c5 2. Nf3 e6 3. d4 cxd4 4. Nxd4 a6 5. Nc3 b5 6. Be2 Bb7 7. O-O b4 8. Na4 Bxe4 9. Bf3 Bxf3 10. Qxf3 d5 11. Re1 Nf6 12. Bg5 Be7 13. Rxe6 fxe6 14. Nxe6 Qa5 15. Nxg7+ Kf7 16. Nf5 Nbd7 17. Re1 Rae8 18.
Nh6+ Kg7 19. Nf5+ Kf7 20. Bd2 Rhf8 21. b3 Qc7 22. Bf4 Qxc2 23. Qh3 Bc5 24. Nh6+ Kg7 25. Qg3+ Kh8 26. Rf1 Qxf2+ 27. Qxf2 Bxf2+ 28. Kxf2 Ne4+ 29. Ke3 Kg7 0-1

[Event "*** Titled Tuesday Blitz"]
[Site "Chess.com"]
[Date "2020.12.29"]
[Round "4"]
[White "FloMaster111"]
[Black "HanSchut"]
[Result "0-1"]
[WhiteElo "2577"]
[BlackElo "2255"]
[TimeControl "180+1"]
[EndTime "10:38:45 PST"]
[Termination "HanSchut won on time"]

1. e4 c5 2. c3 g6 3. d4 cxd4 4. cxd4 d5 5. exd5 Nf6 6. Nc3 Nxd5 7. Qb3 Nb6 8. Be3 Bg7 9. Nf3 O-O 10. Be2 Be6 11.
Qd1 Nc4 12. b3 Nxe3 13. fxe3 Bh6 14. Qd2 Nd7 15. d5 Bg4 16. O-O Qb6 17. Nd4 Bxe2 18. Qxe2 Rac8 19. Rac1 Nf6 20. Qd3 Rxc3 21. Rxc3 Nxd5 22.
Rf3 e5 23. Ne2 e4 24. Qxe4 Nxc3 25. Nxc3 Qc6 26. Qxc6 bxc6 27. Kf2 c5 28. Ne4 c4 29. bxc4 f5 30. Nd2 Rd8 31. Ke2 Bg7 32. Rf1 Bc3 33.
Nf3 Rc8 34. Rc1 Bf6 35. c5 Kf7 0-1

[Event "*** Titled Tuesday Blitz"]
[Site "Chess.com"]
[Date "2020.12.29"]
[Round "4"]
[White "FairChess_on_YouTube"]
[Black "Matveev_Vladimir"]
[Result "1-0"]
[WhiteElo "3008"]
[BlackElo "2700"]
[TimeControl "180+1"]
[EndTime "10:38:46 PST"]
[Termination "FairChess_on_YouTube won by resignation"]

1. d4 Nf6 2. c4 g6 3. Nc3 Bg7 4.
e4 O-O 5. h3 d6 6. Be3 e5 7. d5 Na6 8. Bd3 Nc5 9. Bc2 Nh5 10.
Nge2 a5 11. Qd2 Bd7 12. O-O-O a4 13. Kb1 b6 14. f3 Qe8 15. Bh6 b5 16. g4 Nf4 17.
Bxg7 Kxg7 18. Nxf4 exf4 19. cxb5 Qe5 20. Bd3 Rfb8 21.
Bc4 Rb6 22. Qd4 Qxd4 23. Rxd4 Kf6 24. Rc1 Ke5 25. Rd2 h5 26. gxh5 g5 27. Rg2 f6 28. h4 gxh4 29. Rg7 Kd4 30. Ne2+ Ke3 31. Rc3+ Kf2 32. Nxf4 h3 33. h6 Rh8 34. h7 Rbb8 35.
Ng6 h2 36. Rc2+ Kxf3 37. Rxh2 Kxe4 38. Nxh8 Rxh8 39. Rg8 Rxh7 40. Rxh7 Bf5 41. Rh4+ Ke5+ 42. Kc1 Be4 43. Re8+ Kd4 44. Rexe4+ Nxe4 45. Kc2 f5 46. Bd3 Kxd5 47. Bxe4+ fxe4 48. Rh7 Kc5 49. Rxc7+ Kxb5 50. Kc3 1-0

[Event "*** Titled Tuesday Blitz"]
[Site "Chess.com"]
[Date "2020.12.29"]
[Round "4"]
[White "ambaixador"]
[Black "Aslanov_Umid"]
[Result "0-1"]
[WhiteElo "2415"]
[BlackElo "2262"]
[TimeControl "180+1"]
[EndTime "10:38:48 PST"]
[Termination "Aslanov_Umid won by resignation"]

1. e4 c5 2. Nf3 d6 3. d4 cxd4 4.
Nxd4 Nf6 5. Nc3 a6 6. Bg5 e6 7.
f4 Nbd7 8. Qf3 Qc7 9. O-O-O b5 10. Bd3 Bb7 11. Rhe1 Be7 12. g4 b4 13. Nd5 exd5 14.
exd5 Kf8 15. Nf5 Bd8 16. Qh3 Nxd5 17. Nxg7 Bxg5 18. fxg5 Kxg7 19. Qh6+ Kg8 20. Bf5 Ne5 21. Re2 Qc4 22. Re4 Qc7 23. Qh3 Nc3 24. bxc3 Bxe4 25.
Bxe4 Rb8 26. cxb4 Rxb4 27. Qa3 Rxe4 28. Rxd6 Re1+ 29. Kd2 Nc4+ 30. Kxe1 Nxa3 31. Rxa6 Qe5+ 32.
Kf2 Kg7 0-1

[Event "*** Titled Tuesday Blitz"]
[Site "Chess.com"]
[Date "2020.12.29"]
[Round "4"]
[White "AlexeiShirov"]
[Black "ftorodent"]
[Result "1-0"]
[WhiteElo "2831"]
[BlackElo "2638"]
[TimeControl "180+1"]
[EndTime "10:38:50 PST"]
[Termination "AlexeiShirov won on time"]

1. e4 e6 2. d4 d5 3. e5 c5 4. c3 Qb6 5. Nf3 Nc6 6. Be2 Nh6 7. Bxh6 gxh6 8. Qd2 Bd7 9. O-O Rc8 10. Na3 cxd4 11.
cxd4 Bg7 12. Nc2 O-O 13. Ne3 h5 14. Rfd1 f6 15. exf6 Rxf6 16. Rac1 Rcf8 17. Rc3 Rf4 18. Rb3 Qc7 19. Nc2 Be8 20. Bb5 Bg6 21. Bxc6 bxc6 22. Nce1 c5 23. dxc5 Qxc5 24. Rc1 Qd6 25. Rb7 Be4 26.
Rcc7 Bh6 27. Qd4 e5 28. Qxa7 Qg6 29. Nxe5 Rxf2 30. Qxf2 Rxf2 31. Rc8+ Rf8 32. Rxf8+ Bxf8 33. Nxg6 hxg6 34. Kf2 Bc5+ 35. Ke2 d4 36. Rb5 Bd6 37. Nf3 Bf4 38. Nxd4 Bxh2 39. Nf3 Bf4 40. a4 g5 41.
Nxg5 Bxg2 42. Nf3 1-0

[Event "*** Titled Tuesday Blitz"]
[Site "Chess.com"]
[Date "2020.12.29"]
[Round "4"]
[White "ENajer77"]
[Black "Macron20hTF1"]
[Result "0-1"]
[WhiteElo "2632"]
[BlackElo "2484"]
[TimeControl "180+1"]
[EndTime "10:38:50 PST"]
[Termination "Macron20hTF1 won on time"]

1. d4 g6 2. e4 Bg7 3. Nc3 d6 4.
Be3 a6 5. Nf3 b5 6. Bd3 Nd7 7.
e5 dxe5 8. dxe5 Nxe5 9. Be4 Bd7 10. Nxe5 Bxe5 11. Bd4 Bxd4 12. Qxd4 Nf6 13. Bxa8 Qxa8 14. O-O O-O 15. Rfe1 Be6 16. Qc5 Re8 17. a4 Nd7 18. Qa3 Qb7 19. axb5 axb5 20. Qa7 Qc6 21. Qa6 Qc5 22.
Qxb5 Rb8 23. Qxc5 Nxc5 24. b3 Bf5 25. Rxe7 Bxc2 26. Rxc7 Ne6 27. Re7 Bxb3 28. h3 Nd4 29. Ra6 Be6 0-1

[Event "*** Titled Tuesday Blitz"]
[Site "Chess.com"]
[Date "2020.12.29"]
[Round "4"]
[White "Skat2704"]
[Black "SamuelGhimpu2003"]
[Result "0-1"]
[WhiteElo "2375"]
[BlackElo "2609"]
[TimeControl "180+1"]
[EndTime "10:38:50 PST"]
[Termination "SamuelGhimpu2003 won by resignation"]

1. d4 Nf6 2. c4 g6 3. Nc3 d5 4. e3 Bg7 5. Nf3 O-O 6. cxd5 Nxd5 7. Bc4 Nb6 8. Bb3 c5 9. O-O c4 10. Bc2 Nc6 11. h3 e5 12. dxe5 Nxe5 13. Nxe5 Bxe5 14. Qe2 Re8 15. Rd1 Qf6 16. Ne4 Qe7 17. Rb1 Bf5 18. Nc3 Be6 19. f4 Bxc3 20. bxc3 Bd5 21. Rxb6 axb6 22. Rxd5 Rxa2 23. Qd1 Ra1 24. Kh2 Qf6 25. Qd2 Rea8 26. Bb2 R1a2 27. Qc1 Qe6 28. Re5 Qd6 29. Be4 Rd8 30. Qb1 Ra5 31. Rxa5 bxa5 32. Qc1 b5 33. Qc2 Qd2 34. Qxd2 Rxd2 35. Bc1 Rd1 36. Ba3 Ra1 37.
Bc5 Rc1 38. Bc6 Rb1 39. Bd5 Rb3 40. Bd4 a4 41. Bc5 a3 42. Bxa3 Rxa3 43. Bc6 Rb3 44.
Kg3 b4 45. cxb4 c3 46. Be4 Rxb4 47. Bd3 Rb2 48. e4 c2 0-1

[Event "*** Titled Tuesday Blitz"]
[Site "Chess.com"]
[Date "2020.12.29"]
[Round "4"]
[White "goldenpuppy"]
[Black "tlomigtlis"]
[Result "1-0"]
[WhiteElo "2365"]
[BlackElo "2529"]
[TimeControl "180+1"]
[EndTime "10:38:50 PST"]
[Termination "goldenpuppy won by checkmate"]

1. e4 c5 2. Nf3 d6 3. d4 cxd4 4. Nxd4 Nf6 5. Nc3 a6 6. Be3 e5 7.
Nf3 Be7 8. Bc4 O-O 9. O-O Nc6 10.
Bb3 Na5 11. Bg5 Nxb3 12. axb3 Be6 13. Bxf6 Bxf6 14. Qd3 Qc7 15. Nd5 Bxd5 16. Qxd5 Qxc2 17. Rab1 Qc6 18. Rfd1 Rfd8 19. h3 Rac8 20. Ne1 h6 21. Rd3 g6 22. Rbd1 Qb6 23. Rf3 Kg7 24. Nd3 Rc2 25.
b4 Rdc8 26. g3 R2c4 27. Ne1 Qxb4 28. Qxd6 Qxd6 29. Rxd6 R8c6 30. Rfxf6 Rxe4 31. Nd3 Rd4 32. Rxd4 Kxf6 33. Rd5 Re6 34. Nc5 Re7 35. Ne4+ Kf5 36. f3 Rc7 37. Rd6 Rc6 38. Kf2 a5 39. Ke3 Rxd6 40.
Nxd6+ Ke6 41. Nxb7 a4 42. Nc5+ Kd5 43. Nxa4 f5 44.
Nc3+ Ke6 45. b4 g5 46. b5 f4+ 47. gxf4 exf4+ 48. Ke4 h5 49. Ne2 g4 50. hxg4 hxg4 51.
Nxf4+ Kd6 52. fxg4 Kc5 53. g5 Kb6 54. g6 Ka5 55. g7 Kb6 56. g8=Q Kc5 57. Qd5+ Kb6 58. Qc6+ Ka5 59. b6 Kb4 60. b7 Ka5 61. Qc8 Ka6 62.
b8=Q+ Ka5 63. Qc5+ Ka4 64. Qcb4# 1-0

[Event "*** Titled Tuesday Blitz"]
[Site "Chess.com"]
[Date "2020.12.29"]
[Round "4"]
[White "FLamps8"]
[Black "jcibarra"]
[Result "0-1"]
[WhiteElo "2542"]
[BlackElo "2870"]
[TimeControl "180+1"]
[EndTime "10:38:51 PST"]
[Termination "jcibarra won by resignation"]

1. Nf3 Nf6 2. c4 d6 3. g3 g6 4. Bg2 Bg7 5. d4 O-O 6. O-O Bf5 7. Nc3 Ne4 8. Bd2 c5 9. Nxe4 Bxe4 10. Bc3 Nc6 11.
e3 Qb6 12. dxc5 dxc5 13. Bxg7 Kxg7 14. Qc1 Qa5 15. Nd2 Bxg2 16. Kxg2 Rfd8 17. Nb3 Qb4 18.
Rd1 Rxd1 19. Qxd1 Qxc4 20. Qd7 Qe4+ 21. Kg1 Ne5 22. Nxc5 Nf3+ 23. Kh1 Qc2 24. Nd3 Qe2 25. Kg2 Nd2 26. Qxb7 Rd8 27. Nf4 Qc4 28. Rd1 e5 29. b3 Qc2 30. Ne6+ Kh6 31. Nxd8 Qxd1 32. Nxf7+ Kh5 33.
g4+ Qxg4+ 34. Kh1 Nf3 0-1

[Event "*** Titled Tuesday Blitz"]
[Site "Chess.com"]
[Date "2020.12.29"]
[Round "4"]
[White "dretch"]
[Black "LiderChessAcademy"]
[Result "1-0"]
[WhiteElo "2846"]
[BlackElo "2617"]
[TimeControl "180+1"]
[EndTime "10:38:54 PST"]
[Termination "dretch won by resignation"]

1. d4 Nf6 2. c4 g6 3. Nc3 d5 4. e3 Bg7 5. Qb3 e6 6. Qa3 c6 7. Nf3 a5 8. b3 Na6 9. Be2 Bf8 10. Qb2 Bd6 11. O-O O-O 12. c5 Bc7 13. Bd2 Nd7 14. e4 e5 15. Bg5 f6 16. Bh6 exd4 17.
Nxd4 Ndxc5 18. Bxf8 Qxf8 19. exd5 Qh6 20. g3 Bh3 21.
Rfd1 Re8 22. dxc6 bxc6 23. Re1 Nb4 24. Bc4+ Kf8 25. Rxe8+ Kxe8 26. a3 Nbd3 27. Qe2+ Ne5 28. f4 Bg4 29. Qe3 Bb6 30. Re1 Nd7 31. Na4 Ba7 32.
Kh1 Kf8 33. Be2 Bxd4 34. Qxd4 Nf3 35. Qd6+ Kg7 36. Qe7+ Kh8 37. Bxf3 Bxf3+ 38. Kg1 Qg7 39. Qxg7+ Kxg7 40. Re7+ Kh6 41. Rxd7 1-0

[Event "*** Titled Tuesday Blitz"]
[Site "Chess.com"]
[Date "2020.12.29"]
[Round "4"]
[White "vugarrasulov"]
[Black "lelajavakhishvili"]
[Result "1-0"]
[WhiteElo "2784"]
[BlackElo "2516"]
[TimeControl "180+1"]
[EndTime "10:38:55 PST"]
[Termination "vugarrasulov won by resignation"]

1. b3 c5 2. Bb2 Nc6 3. g3 e5 4. Bg2 d5 5. d3 Nf6 6. Nf3 Bd6 7. O-O O-O 8. e3 Re8 9. Nbd2 Bg4 10. h3 Bh5 11. g4 Bg6 12. Nh4 d4 13. Nxg6 hxg6 14. exd4 exd4 15. Nc4 Bf4 16. Qf3 g5 17. Bc1 Qc7 18.
Bxf4 gxf4 19. Rfe1 Nb4 20. g5 Nh7 21. Qg4 Nxc2 22. Rxe8+ Rxe8 23. Rd1 Nb4 24. a3 Nc6 25. Be4 Nf8 26. Re1 g6 27. Kf1 b5 28. Nd2 Re7 29.
h4 Nd8 30. h5 Nde6 31. hxg6 fxg6 32. Bd5 Kg7 33. Bxe6 Qd6 34. Bc8 Rxe1+ 35. Kxe1 c4 36. bxc4 Qxa3 37. Qxf4 b4 38. Qxd4+ Kf7 39. Qf6+ Ke8 40.
Bb7 Qa4 41. Bc6+ 1-0

[Event "*** Titled Tuesday Blitz"]
[Site "Chess.com"]
[Date "2020.12.29"]
[Round "4"]
[White "DarZay"]
[Black "Gerryisplaying"]
[Result "0-1"]
[WhiteElo "2107"]
[BlackElo "2299"]
[TimeControl "180+1"]
[EndTime "10:38:55 PST"]
[Termination "Gerryisplaying won by resignation"]

1. e4 d5 2. exd5 Qxd5 3. Nc3 Qa5 4. d4 Nf6 5. Nf3 Bf5 6. Bf4 e6 7. Be2 Bb4 8. Bd2 O-O 9. O-O Nc6 10. a3 Bxc3 11. Bxc3 Qb6 12. Ne5 Rfd8 13. Nxc6 Qxc6 14.
Bf3 Be4 15. d5 exd5 16. Bxf6 Qxf6 17. Bxe4 dxe4 18. Qg4 Qg6 19. Qf4 c6 20. Rad1 Qe6 21. Qc7 Rxd1 22. Rxd1 Qc8 23. Qe7 Qe8 24. Qxb7 Rb8 25.
Qxa7 Rxb2 26. Qa4 h6 27. h3 e3 28. fxe3 Qxe3+ 29. Kh1 Qe6 30. Qa8+ Kh7 31. Qa4 Rb5 32. c4 Re5 33. Qc2+ g6 34. a4 Re2 35. Qd3 Re1+ 36. Rxe1 Qxe1+ 37. Kh2 Qe5+ 38. Kh1 Qa1+ 39. Kh2 Qxa4 40. c5 Qf4+ 41. Kg1 Qc1+ 42. Kh2 Qxc5 43.
Qd7 Qe5+ 44. g3 Qe2+ 45. Kh1 Qe6 46. Qd4 Qd5+ 47. Qxd5 cxd5 0-1

[Event "*** Titled Tuesday Blitz"]
[Site "Chess.com"]
[Date "2020.12.29"]
[Round "4"]
[White "Trickov"]
[Black "szachuspl"]
[Result "0-1"]
[WhiteElo "2320"]
[BlackElo "2476"]
[TimeControl "180+1"]
[EndTime "10:38:56 PST"]
[Termination "szachuspl won on time"]

1. d4 Nf6 2. Nf3 g6 3. g3 Bg7 4. Bg2 O-O 5. c4 d6 6. Nc3 c5 7. O-O Nc6 8. dxc5 dxc5 9. Be3 Qa5 10. Qa4 Be6 11. Qxa5 Nxa5 12. Bxc5 Nxc4 13. Bxe7 Rfe8 14.
Bc5 Nxb2 15. Rab1 b6 16. Bd4 Nc4 17. Ne5 Rac8 18. Nxc4 Rxc4 19. e3 Rec8 20. Nb5 Ra4 21. a3 Nd5 22. Rfc1 Rxc1+ 23. Rxc1 Bxd4 24. Nxd4 Rxa3 25.
Nxe6 fxe6 26. e4 Nb4 27. Rc7 Ra1+ 28. Bf1 Nd3 29. Kg2 Ne1+ 30. Kh3 Nf3 31. Bc4 Kf8 32. Kg2 Ng5 33. h4 Nxe4 34. Bxe6 Nc5 35. Bd5 h5 36. Rf7+ Ke8 37. Rg7 Rd1 38. Bc6+ Kd8 39.
Rxg6 Kc7 40. Bf3 Rd2 41. Rg7+ Kd6 42. Rxa7 Nd3 43. Bxh5 Rxf2+ 44. Kh3 b5 45. Bg6 Ne5 46. Be4 b4 47. Rb7 Kc5 48. h5 Re2 0-1